 Dungeon Crawl Stone Soup version 0.26-a0-835-g8259106e14 (webtiles) character file.

Game seed: 14204080086504264657

21 Kinoniko the Chopper (level 2, 18/22 HPs)
             Began as a Demonspawn Gladiator on Nov 17, 2020.
             Quit the game on level 2 of the Dungeon.
             The game lasted 00:00:56 (678 turns).

Kinoniko the Chopper (Demonspawn Gladiator)          Turns: 678, Time: 00:00:56

Health: 18/22      AC:  7    Str: 14    XL:     2   Next: 65%
Magic:  2/2        EV: 12    Int:  9    God:
Gold:   23         SH:  0    Dex: 14    Spells: 1/1 levels left

rFire    . . .     SeeInvis .   a - +0 war axe
rCold    . . .     Faith    .   (no shield)
rNeg     . . .     Spirit   .   m - +0 ring mail
rPois    .         Reflect  .   l - +1 helmet
rElec    .         Harm     .   (no cloak)
rCorr    .         Rampage  .   (no gloves)
MR       .....                  (no boots)
Stlth    +.........             (no amulet)
HPRegen  0.07/turn              (no ring)
MPRegen  0.08/turn              (no ring)

@: no status effects
A: claws 1
a: no special abilities


You were on level 2 of the Dungeon.
You visited 1 branch of the dungeon, and saw 2 of its levels.

You collected 23 gold pieces.

Inventory:

Hand Weapons
 a - a +0 war axe (weapon)
Missiles
 d - 3 throwing nets (quivered)
Armour
 l - a +1 helmet (worn)
 m - a +0 ring mail (worn)
Scrolls
 e - 4 scrolls of identify {unknown}
 f - a scroll of enchant weapon {unknown}
 g - a scroll of amnesia {unknown}
Potions
 h - 2 potions of lignification {unknown}
 i - a potion of curing {unknown}
 j - a potion of attraction {unknown}
 k - 2 potions of ambrosia {unknown}


   Skills:
 - Level 2.2 Fighting
 * Level 3.2 Axes
 - Level 1.8 Throwing
 - Level 0.1 Armour
 - Level 2.9 Dodging


You had one spell level left.
You didn't know any spells.
Your spell library was empty.

Dungeon Overview and Level Annotations

Branches:
Dungeon (2/15)

Altars:


Innate Abilities, Weirdness & Mutations

You have sharp fingernails.


Message History

You kill the goblin!
No target in view!
No target in view!
No target in view!
No target in view!
No target in view!
No target in view!
No target in view!
No target in view!
No target in view!
No target in view!
No target in view!
No target in view!
No target in view!
No target in view!
No target in view!
No target in view!
No target in view!
Okay, then.
Are you sure you want to abandon this character and quit the game? (Confirm with "yes".)

###.....
##.......####
............#
##.....?#.$.#
............
##......#.#
......)...## ###
....#)@#..# #<#
......)†...# #.#
.#.........#####.#
.....##..........#
............######
#...###.##.## #.#
####.# #. #.# ###


There were no monsters in sight!

Vanquished Creatures
  A leopard gecko (D:1)
  A giant cockroach (D:1)
  3 goblins
  7 hobgoblins
  A kobold (D:1)
  2 bats (D:1)
  2 frilled lizards (D:1)
  A rat (D:2)
18 creatures vanquished.

Notes
Turn   | Place    | Note
-------+----------+-------------------------------------------
     0 | D:1      | Kinoniko the Demonspawn Gladiator began the quest for the
                  | Orb.
     0 | D:1      | Reached XP level 1. HP: 16/16 MP: 1/1
   127 | D:1      | Reached skill level 3 in Axes
   127 | D:1      | Gained mutation: You have sharp fingernails. [demonic
                  | ancestry]
   127 | D:1      | Reached XP level 2. HP: 20/22 MP: 2/2
   678 | D:2      | Quit the game

Illustrated notes

Levels and vault maps discovered:
D:1:      eino_arrival_cavern_d, layout_rooms
D:2:      kennysheep_big_flooded_room, layout_basic, uniq_jessica

Skill      XL: |  1 |
---------------+----+-----
Axes           | 3 |  3.2
Fighting       | |  2.2
Throwing       | |  1.8
Armour         | |  0.1
Dodging        | |  2.9

Action                   || total
-------------------------++-------
Melee: War axe           ||    41
 Stab: Sleeping          ||     1
Armor: Leather armour    ||    12
       Ring mail         ||     4
Dodge: Dodged            ||    31

Table legend: (Time is in decaauts)
 A = Elapsed time spent in this place.
 B = Non-inter-level travel time spent in this place.
 C = Inter-level travel time spent in this place.
 D = Time resting spent in this place.
 E = Time spent auto-exploring this place.
 F = Levels seen in this place.
 G = Mean time per level.
                   A        B        C        D        E       F      G
               +--------+--------+--------+--------+--------+-----+--------+
         Total |    692 |    666 |     26 |      0 |    494 |   2 |  346.0 |
       Dungeon |    692 |    666 |     26 |      0 |    494 |   2 |  346.0 |
               +--------+--------+--------+--------+--------+-----+--------+

Top non-repeatable levels by time:
     D:1: 669 daAuts
     D:2: 22 daAuts
